 Dungeon Crawl Stone Soup version 0.31.0-11-ge490571c62 (webtiles) character file.

Game seed: 6077223332783739029

74 Marvel the Shield-Bearer (level 4, -1/44 HPs)
             Began as a Troll Fighter on Feb 8, 2024.
             Was a Priest of Uskayaw.
             Frozen to death by an endoplasm (3 damage)
             ... on level 3 of the Dungeon.
             The game lasted 00:02:14 (1544 turns).

Marvel the Shield-Bearer (Troll Fighter)            Turns: 1544, Time: 00:02:15

Health: -1/44      AC:  4    Str: 32    XL:     4   Next: 10%
Magic:  0/3        EV:  9    Int:  4    God:    Uskayaw [***...]
Gold:   76         SH:  7    Dex:  9    Spells: 3/3 levels left

rFire   . . .        t - +0 morningstar
rCold   . . .        c - +0 kite shield
rNeg    . . .        b - +0 robe
rPois   .            (helmet restricted)
rElec   .            (no cloak)
rCorr   .            (gloves unavailable)
SInv    .            (boots unavailable)
Will    .....        (no amulet)
Stlth   +            h - +6 ring of strength
HPRegen 1.07/turn    (no ring)
MPRegen 0.08/turn

%: no passive effects
@: mighty
A: large, unfitting armour, claws 3, regeneration 1, shaggy fur 1, tough skin 1
a: Renounce Religion, Stomp, Line Pass


You were on level 3 of the Dungeon.
You worshipped Uskayaw.
Uskayaw was noncommittal.
You visited 1 branch of the dungeon, and saw 3 of its levels.

You collected 76 gold pieces.

Inventory:

Hand Weapons
 a - a +0 flail
 t - a +0 morningstar (weapon)
Missiles
 f - 2 poisoned darts (quivered)
 l - 6 boomerangs
Armour
 b - a +0 robe (worn)
 c - a +0 kite shield (worn)
Jewellery
 h - a +6 ring of strength (left claw)
 n - a ring of wizardry
 s - a ring of see invisible
Scrolls
 g - a scroll of fear {unknown}
 j - 3 scrolls of noise {unknown}
 k - a scroll of fog {unknown}
 o - 2 scrolls of identify {unknown}
 r - a scroll of poison {unknown}
Potions
 e - a potion of invisibility {unknown}
 i - a potion of brilliance {unknown}
 m - a potion of degeneration {unknown}
 p - a potion of heal wounds {unknown}
 q - a potion of enlightenment {unknown}


   Skills:
 + Level 2.8 Fighting
 + Level 2.6 Maces & Flails
 + Level 2.9 Dodging
 + Level 3.2 Shields


You had 3 spell levels left.
You didn't know any spells.
Your spell library was empty.

Dungeon Overview and Level Annotations

Branches:
Dungeon (3/15)

Altars:
Uskayaw


Innate Abilities, Weirdness & Mutations

You are too large for most types of armour.
You have claws for hands.
Your natural rate of healing is unusually fast.
You are covered in fur. (AC +1)
You have tough skin. (AC +1)


Message History

The endoplasm freezes you.
You are frozen.
You puncture the orc!
You kill the orc!
The orc hits you but does no damage. The endoplasm freezes you.
You are frozen.
The orc hits you but does no damage.
You barely miss the orc. You block the orc's attack.
The orc closely misses you. The endoplasm freezes you.
You are frozen.
The orc hits you with a +0 mace.
* * * LOW HITPOINT WARNING * * *
The orc closely misses you. The orc barely misses you.
The orc hits you with a +0 mace.
* * * LOW HITPOINT WARNING * * *
The endoplasm hits you.
* * * LOW HITPOINT WARNING * * *
You feel very mighty all of a sudden. The orc completely misses you.
You block the orc's attack. x2
You block the endoplasm's attack.
You puncture the orc!
You kill the orc!
The orc hits you with a +0 dagger.
* * * LOW HITPOINT WARNING * * *
The endoplasm freezes you.
You are frozen.
* * * LOW HITPOINT WARNING * * *
The orc hits you but does no damage.
Uskayaw will force your foes to helplessly watch your dance.
Uskayaw prepares the audience for your solo!
The helpless orc fails to defend itself.
You bludgeon the orc!!
You kill the orc!
The goblin is no longer paralysed.
The orc is no longer paralysed.
The giant cockroach is no longer paralysed.
The endoplasm is no longer paralysed.
The orc is no longer paralysed.
You block the orc's attack. The endoplasm freezes you.
You are frozen.
You die...

####..#......###..####.
.....[.......# #.......
#...........# #.......
#......(# #.......
#..###..####......
##..##.>..##.....#
##.##.......#.#.#
#.#######.###......#.#.#
.....go@#.# ##......)..#
......oJB.# #........##
..........# #........#
..........# #.........
.....?..... #..........
.?.......... #..........
...........$##..........
............#
........####


You could see 2 orcs, an endoplasm, a giant cockroach and a goblin.

Vanquished Creatures
  An orc wizard (D:3)
  An adder (D:3)
  A ribbon worm (D:2)
  A dart slug (D:1)
  3 orcs (D:3)
  3 ball pythons
  A bat (D:2)
  6 endoplasms
  2 giant cockroaches (D:2)
  2 goblins
  4 hobgoblins
  A kobold (D:2)
  2 frilled lizards (D:2)
  2 rats (D:2)
30 creatures vanquished.

Notes
Turn   | Place    | Note
-------+----------+-------------------------------------------
     0 | D:1      | Marvel the Troll Fighter began the quest for the Orb.
     0 | D:1      | Reached XP level 1. HP: 22/22 MP: 0/0
   183 | D:1      | Reached XP level 2. HP: 29/29 MP: 1/1
   488 | D:2      | Found a faded altar of an unknown god.
   718 | D:2      | Found a hide-covered altar of Uskayaw.
   944 | D:2      | Reached skill level 3 in Shields
  1189 | D:2      | Reached XP level 3. HP: 35/36 MP: 2/2
  1225 | D:2      | Became a worshipper of Uskayaw the Reveller
  1410 | D:3      | Reached * piety under Uskayaw
  1536 | D:3      | Reached ** piety under Uskayaw
  1537 | D:3      | Reached XP level 4. HP: 27/44 MP: 3/3
  1543 | D:3      | HP: 1/44 [frozen (4)]
  1543 | D:3      | Reached *** piety under Uskayaw
  1544 | D:3      | Frozen to death by an endoplasm

Illustrated notes

Levels and vault maps discovered:
D:1:      dpeg_arrival_rooms_a, layout_basic, glass_columns_b
D:2:      layout_loops_corners, ebering_ecumenical_altar_petrified, basic_altar,
          kennysheep_generic_room_4
D:3:      layout_rooms, amcnicky_altar_gilded

Skill      XL: |  1  2 |
---------------+-------+-----
Maces & Flails | 2 |  2.6
Shields        | 3 |  3.2
Fighting       | |  2.8
Dodging        | |  2.9

Action                     |  1- 3 |  4- 6 || total
---------------------------+-------+-------++-------
  Melee: Flail             |    86 |       ||    86
         Morningstar       |     5 |     6 ||    11
 Invoke: Stomp             |       |     1 ||     1
    Use: Potion            |       |     1 ||     1
   Stab: Paralysed         |       |     1 ||     1
 Armour: Robe              |    78 |    13 ||    91
  Dodge: Dodged            |    42 |     8 ||    50
  Block: Kite shield       |    35 |     8 ||    43
